 Dungeon Crawl Stone Soup version 0.19-a0-1905-ge8b2aad (webtiles) character file.

4103 Morenatsu the Carver (level 10, -5/68 HPs)
             Began as a Vampire Fighter on Oct 21, 2016.
             Was a Follower of Ru.
             Slain by GordonOverkill's ghost (16 damage)
             ... on level 8 of the Dungeon.
             The game lasted 00:27:54 (9225 turns).

Morenatsu the Carver (Vampire Fighter)              Turns: 9225, Time: 00:27:55

Health: -5/68      AC: 12    Str: 24    XL:     10   Next: 6%
Magic:  10/10      EV: 11    Int: 13    God:    Ru [*.....]
Gold:   318        SH:  0    Dex: 10    Spells: 0 memorised, 9 levels left

rFire  + . .     SeeInvis +     F - +7 falchion of Fortitude {flame, rF+ Int+3 Dex-5}
rCold  . . .     Gourm    .     b - +0 scale mail
rNeg   . . .     Faith    +     (no shield)
rPois  .         Spirit   .     q - +1 hat
rElec  .         Reflect  .     A - +2 cloak
rCorr  +         Harm     .     x - +0 pair of gloves
MR     +....                    i - +0 pair of boots
Stlth  ..........               v - amulet of faith (curse)
                                u - ring of resist corrosion
                                o - +6 ring of strength

@: about to teleport, regenerating quickly
A: fangs 3, see invisible, screaming 1, unbreathing, missing an eye
a: Renounce Religion


You were on level 8 of the Dungeon.
You worshipped Ru.
Ru was aware of your devotion.
You were very full.

You visited 1 branch of the dungeon, and saw 10 of its levels.

You collected 318 gold pieces.

Inventory:

Hand Weapons
 a - a +3 long sword
 F - the +7 falchion of Fortitude (weapon) {flame, rF+ Int+3 Dex-5}
   (You found it on level 8 of the Dungeon)

   It has been specially enchanted to burn those struck by it, causing extra
   injury to most foes and up to half again as much damage against particularly
   susceptible opponents.
   Big, fiery blades are also staple armaments of hydra-hunters.
   It affects your intelligence (+3).
   It affects your dexterity (-5).
   It protects you from fire.
Armour
 b - a +0 scale mail (worn)
 i - a +0 pair of boots (worn)
 q - a +1 hat (worn)
 x - a +0 pair of gloves (worn)
 A - a +2 cloak (worn)
Jewellery
 o - a +6 ring of strength (left hand)
 u - a ring of resist corrosion (right hand)
 v - a cursed amulet of faith (around neck)
Wands
 l - a wand of paralysis (4/24)
 p - a wand of enslavement (13/24)
 r - a wand of lightning (10/15)
 s - a wand of paralysis (2/24)
 w - a wand of paralysis (13/24)
 E - a wand of confusion (28/48)
Scrolls
 d - 3 scrolls of enchant armour
 f - 2 scrolls of recharging
 j - 4 scrolls of remove curse
 y - a scroll of teleportation
 C - a scroll of identify
Potions
 c - 2 potions of curing
 e - 2 potions of blood
 g - a potion of mutation
 h - 2 potions of lignification
 k - a potion of degeneration {unknown}
 m - a potion of cure mutation
 n - a potion of magic
 t - a potion of cancellation {unknown}
 z - a potion of heal wounds {unknown}
 B - 2 potions of agility
Books
 D - a book of Frost

   Spells                             Type                      Level
   a - Freeze                         Ice                          1
   b - Throw Frost                    Conjuration/Ice              2
   c - Ozocubu's Armour               Charms/Ice                   3
   d - Throw Icicle                   Conjuration/Ice              4
   e - Summon Ice Beast               Ice/Summoning                4


   Skills:
 - Level 2.6 Fighting
 + Level 13.8 Long Blades
 - Level 2.4 Armour
 - Level 3.1 Dodging
   Level 2.6 Shields


You had 9 spell levels left.
You didn't know any spells.

Dungeon Overview and Level Annotations

Branches:
Dungeon (10/15)            Temple (0/1) D:6
   Lair: D:8-11         Orc: D:9-12

Altars:
Kikubaaqudgha
Nemelex Xobeh
Ru
Trog
Uskayaw
Yredelemnul

Annotations:
D:8 GordonOverkill's ghost, novice HEBe
D:10 Urug


Innate Abilities, Weirdness & Mutations

Your natural rate of healing is unusually fast.
You have razor-sharp teeth.
You have supernaturally acute eyesight. (SInv)
You occasionally shout uncontrollably at your foes.
You can survive without breathing.
You are missing an eye, making it more difficult to aim.


Message History

You miss GordonOverkill's ghost.
Your bite misses GordonOverkill's ghost.
GordonOverkill's ghost is moderately damaged.
GordonOverkill's ghost hits you.
You miss GordonOverkill's ghost.
GordonOverkill's ghost is moderately damaged.
You hit GordonOverkill's ghost but do no damage.
GordonOverkill's ghost is moderately damaged.
GordonOverkill's ghost hits you!
You slash GordonOverkill's ghost! You burn GordonOverkill's ghost.
GordonOverkill's ghost is moderately damaged.
Things that are here:
a whip; an orc corpse GordonOverkill's ghost hits you!
* * * LOW HITPOINT WARNING * * *
Okay, then.
Okay, then.
As you read the scroll of teleportation, it crumbles to dust.
You feel strangely unstable. GordonOverkill's ghost hits you!
You die...

#. ..... #.###### #.....
#.[....# #..... # #......#
...... .. #......# .#
#.#......# #.# ###.......##
##...# ..'....#)).###....#
###....).#.W@..#..#
#.....##†#.#.#.##.#
#.##.##.♣.###.⌠.# .# #.#.#
##.#.#.#.####.## # #...
#.###.#.#.#.#..# ## #..#
⌠.###.⌠(###.⌠.#.# #. #.
#.###.#.#.#.#.#..######.
#...####.#.###(####.........
... #.♣.###.⌠.##...######.


You could see GordonOverkill's ghost.

Vanquished Creatures
  A hippogriff (D:8)
  Sigmund (D:5)
  Eustachio (D:5)
  2 ice beasts
  An orc warrior (D:8)
  A necrophage (D:9)
  3 ogres
  3 phantoms
  A crocodile (D:6)
  2 centaurs (D:6)
  2 big kobolds
  A gnoll sergeant (D:6)
  Blork the orc (D:5)
  2 bullfrogs
  A wyvern zombie (D:9)
  A jelly (D:6)
  2 water moccasin zombies
  2 scorpions
  4 wights (D:8)
  4 howler monkeys
  2 bullfrog zombies
  2 crimson imps
  3 quasits
  5 hounds
  5 orc wizards
  Crazy Yiuf (D:7)
  4 orc priests
  2 bullfrog skeletons
  2 centaur skeletons (D:6)
  3 iguanas
  8 worker ants
  2 worker ant zombies
  7 gnolls
  11 adders
  4 shadow imps
  2 adder zombies
  3 worms
  2 dart slugs (D:3)
  9 leopard geckos
  36 orcs
  8 bats
  8 giant cockroaches
  2 gnoll zombies (D:4)
  14 goblins
  7 hobgoblins
  6 jackals
  4 quokkas
  A ball python (D:2)
  8 frilled lizards
  21 kobolds
  A quokka skeleton (D:7)
  11 rats
240 creatures vanquished.

Vanquished Creatures (others)
  An orc wizard (D:7)
1 creature vanquished.

Grand Total: 241 creatures vanquished

Notes
Turn   | Place    | Note
-------+----------+-------------------------------------------
     0 | D:1      | Morenatsu the Vampire Fighter began the quest for the Orb.
     0 | D:1      | Reached XP level 1. HP: 17/17 MP: 1/1
   146 | D:1      | Reached XP level 2. HP: 22/23 MP: 2/2
   215 | D:1      | Reached skill level 3 in Long Blades
   936 | D:2      | Reached XP level 3. HP: 18/28 MP: 3/3
  1131 | D:2      | Found a faded altar of an unknown god.
  1343 | D:2      | Reached skill level 4 in Long Blades
  1782 | D:3      | Reached XP level 4. HP: 31/34 MP: 4/4
  2095 | D:3      | Reached skill level 5 in Long Blades
  2112 | D:3      | Reached XP level 5. HP: 38/39 MP: 5/5
  2752 | D:4      | Reached skill level 6 in Long Blades
  2875 | D:4      | Found a sacrificial altar of Ru.
  2875 | D:4      | Found an ancient bone altar of Kikubaaqudgha.
  2877 | D:4      | Found a hide-covered altar of Uskayaw.
  2928 | D:4      | Reached XP level 6. HP: 41/46 MP: 6/6
  2988 | D:4      | Reached skill level 7 in Long Blades
  3233 | D:4      | Reached XP level 7. HP: 45/51 MP: 7/7
  3378 | D:4      | Found a basalt altar of Yredelemnul.
  3518 | D:4      | Reached skill level 8 in Long Blades
  3821 | D:5      | Entered Level 5 of the Dungeon
  3845 | D:5      | Noticed Blork the orc
  3856 | D:5      | Killed Blork the orc
  3998 | D:4      | Became a worshipper of Ru the Awakened
  4204 | D:5      | Reached skill level 9 in Long Blades
  4264 | D:5      | Noticed Eustachio
  4276 | D:5      | Killed Eustachio
  4276 | D:5      | Reached XP level 8. HP: 50/57 MP: 8/8
  4606 | D:5      | Noticed Sigmund
  4614 | D:5      | Killed Sigmund
  4903 | D:5      | Reached skill level 10 in Long Blades
  5236 | D:6      | Gained mutation: You are missing an eye, making it more difficult to aim. [Ru sacrifice]
  5236 | D:6      | Reached * piety under Ru
  5510 | D:6      | Found a staircase to the Ecumenical Temple.
  5544 | D:6      | Reached skill level 11 in Long Blades
  5574 | D:6      | Paralysed by a gnoll for 5 turns
  5643 | D:6      | Reached XP level 9. HP: 62/62 MP: 9/9
  5843 | D:6      | Found a sparkling altar of Nemelex Xobeh.
  5878 | D:6      | Found a bloodstained altar of Trog.
  6262 | D:7      | Reached skill level 12 in Long Blades
  6654 | D:7      | Found a runed door.
  6687 | D:7      | Noticed Crazy Yiuf
  6692 | D:7      | Killed Crazy Yiuf
  6990 | D:7      | You fall through a shaft for 3 floors!
  6990 | D:10     | Entered Level 10 of the Dungeon
  6993 | D:10     | Noticed Urug
  6993 | D:10     | Noticed a troll
  7269 | D:9      | Reached skill level 13 in Long Blades
  8085 | D:9      | Gained mutation: You occasionally shout uncontrollably at your foes. [Ru sacrifice]
  9136 | D:8      | Reached XP level 10. HP: 63/68 MP: 10/10
  9163 | D:8      | Got an ichor-stained falchion
  9164 | D:8      | Identified the +7 falchion of Fortitude {flame, rF+ Int+3 Dex-5} (You found it on level 8 of the Dungeon)
  9205 | D:8      | Noticed GordonOverkill's ghost (novice HEBe)
  9225 | D:8      | Slain by GordonOverkill's ghost

Vault maps used:
D:1:      doesnt_arrival_goblin_jail, minmay_misc_feat_tiny
D:2:      ecumenical_altar_1
D:3:      wad_floor_pattern_untrapped
D:4:      nicolae_overflow_hidden_temple, lemuel_zombie_altar_yredelemnul,
          gup_sewer_entry_bubbles, first_bread
D:5:      minmay_ogre_servants, uniq_blork_the_orc, uniq_eustachio, uniq_sigmund
D:6:      nicolae_overflow_crystal_walls, corexii_shack, trog_book
D:7:      grunt_ogre_cave, uniq_crazy_yiuf_cottage
D:8:      serial_shops, nicolae_shop_crystal, grunt_decor_mini_mirrors
D:10:     hiddenorc2_lemuel, uniq_urug

Skill      XL: |  1  2  3  4  5  6  7  8  9 |
---------------+----------------------------+-----
Long Blades    | 3 4 5 6 7 9 11 13 | 13.8
Dodging        | 3 |  3.1
Fighting       | |  2.6
Armour         | |  2.4
Shields        | |  2.6

Action                   |  1- 3 |  4- 6 |  7- 9 | 10-12 || total
-------------------------+-------+-------+-------+-------++-------
Melee: Long sword        |   141 |   129 |   593 |       ||   863
       Bite              |    14 |    19 |    84 |     2 ||   119
       Unarmed           |       |       |    33 |       ||    33
       Falchion          |       |       |       |    26 ||    26
Invok: Sacrifice an Eye  |       |       |     1 |       ||     1
       Sacrifice Purity  |       |       |     1 |       ||     1
 Abil: End Transformatio |       |       |     1 |       ||     1
       Bat Form          |       |       |     1 |       ||     1
  Use: Scroll            |     5 |     7 |     9 |     1 ||    22
       Potion            |     6 |     3 |     6 |       ||    15
  Eat: Corpse            |       |    13 |    28 |     2 ||    43
Armor: Scale mail        |   107 |    65 |   308 |     4 ||   484
Dodge: Dodged            |    89 |    45 |   384 |     6 ||   524
       Rpst.: Long sword |    29 |    16 |   100 |       ||   145
       Falchion          |       |       |       |     3 ||     3
